 Dungeon Crawl Stone Soup version 0.18.1-50-g88ac8fd (webtiles) character file.

2210 Gargoyl the Covered (level 9, -6/68 HPs)
             Began as a Demonspawn Abyssal Knight on Oct 15, 2016.
             Was an Elder of Lugonu.
             Splashed by a jelly's acid (7 damage)
             ... on level 7 of the Dungeon.
             The game lasted 00:15:11 (7577 turns).

Gargoyl the Covered (Demonspawn Abyssal Knight)     Turns: 7577, Time: 00:15:11

Health: -6/68      AC:  0    Str: 16    XL:     9   Next: 13%
Magic:  14/14      EV:  6    Int: 17    God:    Lugonu [****..]
Gold:   180        SH:  4    Dex: 12    Spells: 0 memorised, 8 levels left

rFire  . . .     SeeInvis .     v - +1 hand axe (freeze)
rCold  . . .     Gourm    .     e - +0 chain mail
rNeg   . . .     Faith    .     (no shield)
rPois  .         Spirit   .     A - +0 helmet {Int+3}
rElec  .         Dismiss  .     (no cloak)
rCorr  .         Reflect  .     (no gloves)
SustAt .         Harm     .     q - +0 pair of boots
MR     .....                    (no amulet)
Stlth  ..........               (no ring)
                                (no ring)

@: corroded, very heavily drained, not resistant to hostile enchantments,
extremely unstealthy
A: large bone plates 3, demonic guardian 1, nightstalker 2
a: Depart the Abyss, Bend Space, Banish, Corrupt, Renounce Religion


You were on level 7 of the Dungeon.
You worshipped Lugonu.
Lugonu was greatly pleased with you.
You were not hungry.

You visited 1 branch of the dungeon, and saw 7 of its levels.
You visited the Abyss 1 time.

You collected 180 gold pieces.

Inventory:

Hand Weapons
 a - a +1 hand axe
 o - a +0 trident
 v - a +1 hand axe of freezing (weapon)
Missiles
 y - a steel tomahawk (quivered)
Armour
 e - a +0 chain mail (worn)
 q - a +0 pair of boots (worn)
 A - a +0 helmet of intelligence (worn)
Rods
 u - a +0 lightning rod (14/14)
   (You found it on level 4 of the Dungeon)
Jewellery
 b - an uncursed ring of wizardry {unknown}
Wands
 s - a wand of lightning (0/15)
Scrolls
 f - 2 scrolls of remove curse
 h - a scroll of immolation {unknown}
 i - 2 scrolls of enchant armour {unknown}
 j - a scroll of fog {unknown}
 k - 5 scrolls of identify
 l - 3 scrolls of recharging {unknown}
 n - 3 scrolls of noise {unknown}
 p - a scroll of random uselessness {unknown}
 z - 2 scrolls of enchant weapon {unknown}
Potions
 m - 2 potions of curing
Comestibles
 c - 9 bread rations
 g - 4 meat rations
 t - 6 fruits
 x - 3 beef jerkies


   Skills:
 + Level 5.3(1.2) Fighting
 + Level 4.6(0.5) Axes
 + Level 1.4(0.0) Throwing
 * Level 7.2(2.9) Armour
 + Level 3.3(0.0) Dodging
 * Level 7.1(2.8) Invocations
 + Level 0.4(0.0) Evocations


You had 8 spell levels left.
You didn't know any spells.

Dungeon Overview and Level Annotations

Branches:
Dungeon (7/15)             Temple (0/1) D:5

Altars:
Cheibriados
Gozag
Makhleb
Okawaru
Sif Muna


Innate Abilities, Weirdness & Mutations

You are completely covered in large bone plates (AC +4, SH +4).
A weak demonic guardian rushes to your aid.
You are significantly more attuned to the shadows.


Message History

* * * LOW HITPOINT WARNING * * *
The jelly is severely wounded.
The jelly hits you.
* * * LOW HITPOINT WARNING * * *
You are splashed with acid!
The acid burns!
* * * LOW HITPOINT WARNING * * *
The jelly barely misses you.
Drink which item? (? for menu, Esc to quit)
You feel better. The jelly hits you.
* * * LOW HITPOINT WARNING * * *
You are splashed with acid!
The acid burns!
* * * LOW HITPOINT WARNING * * *
Drink which item? (? for menu, Esc to quit)
Okay, then.
Press: ? - help, Shift-Dir - straight line, f - jelly
Aim: a jelly (severely wounded, chance to defeat MR: 87%)
You fail to use your ability.
The jelly hits you.
* * * LOW HITPOINT WARNING * * *
You are splashed with acid!
The acid corrodes you!
The acid burns!
You die...

,......<†....... * ,
.....)..###...# ** ,,
.......†.....#.##... ,
...................#
..).......[###.##.. ,*, , *
...........#.(.(..##### , ,
............(.........., ,,
......)...........<....
......)..n)....J@.....# > *
......S.............######
..."..h5........#.###≈≈≈≈≈
###.....##........##≈≈≈≈≈≈≈
......#####.......##≈≈...≈
* ......# ........'..._.≈
..###.# ,....####≈≈...≈ . *
... * ...# #≈≈≈≈≈≈ , ...
*,### ##≈≈≈≈≈


You could see a jelly.

Vanquished Creatures
  A troll (D:7)
  Duvessa (D:6)
  An ice beast (D:5)
  4 ogres
  2 sky beasts
  2 centaurs (D:5)
  A necrophage (D:7)
  A phantom (D:5)
  Dowan (D:6)
  A scorpion (D:6)
  2 wights (D:7)
  2 jellies (D:5)
  A howler monkey (D:5)
  A crimson imp (D:6)
  4 hounds
  An iguana (D:6)
  An orc wizard (D:4)
  2 worker ants (D:4)
  A killer bee zombie (D:6)
  2 hound zombies
  11 adders
  2 adder skeletons
  3 worms
  A dart slug (D:3)
  9 giant geckos
  14 orcs
  2 ball pythons
  6 bats
  6 giant cockroaches
  8 goblins
  3 hobgoblins
  12 jackals
  A giant gecko skeleton (D:6)
  2 giant newts
  6 kobolds
  8 rats
126 creatures vanquished.

Vanquished Creatures (collateral kills)
  A black bear (D:6)
  A centaur (D:3)
  Blork the orc (D:6)
  3 scorpions
  Terence (D:2)
  A shadow imp (D:5)
  A quokka (D:4)
9 creatures vanquished.

Vanquished Creatures (others)
  A wight (D:7)
1 creature vanquished.

Grand Total: 136 creatures vanquished

Notes
Turn   | Place    | Note
--------------------------------------------------------------
     0 | Abyss:1  | Gargoyl the Demonspawn Abyssal Knight began the quest for the Orb.
     0 | Abyss:1  | Reached XP level 1. HP: 18/18 MP: 2/2
    42 | Abyss:2  | Noticed a large abomination
    62 | Abyss:2  | Found a shattered altar of Ashenzari.
    67 | D:1      | Escaped the Abyss
   804 | D:1      | Gained mutation: A weak demonic guardian rushes to your aid. [demonic ancestry]
   804 | D:1      | Reached XP level 2. HP: 20/24 MP: 3/3
   813 | D:1      | Reached * piety under Lugonu
  1053 | D:2      | Reached skill level 1 in Dodging
  1053 | D:2      | Gained mutation: You are partially covered in large bone plates (AC +2, SH +2). [demonic ancestry]
  1053 | D:2      | Reached XP level 3. HP: 20/29 MP: 4/4
  1637 | D:2      | Noticed Terence
  1645 | D:2      | Killed Terence
  2124 | D:2      | Gained mutation: You are slightly more attuned to the shadows. [demonic ancestry]
  2124 | D:2      | Reached XP level 4. HP: 35/35 MP: 5/5
  2700 | D:3      | Reached ** piety under Lugonu
  3095 | D:3      | Noticed a centaur
  3112 | D:3      | Killed a centaur
  3112 | D:3      | Reached XP level 5. HP: 30/41 MP: 7/7
  3216 | D:3      | Found an iron altar of Okawaru.
  3802 | D:4      | Noticed an ogre
  3806 | D:4      | Killed an ogre
  3806 | D:4      | Gained mutation: You are mostly covered in large bone plates (AC +3, SH +3). [demonic ancestry]
  3806 | D:4      | Reached XP level 6. HP: 48/48 MP: 7/9
  4291 | D:4      | Reached *** piety under Lugonu
  4349 | D:4      | Found a deep blue altar of Sif Muna.
  4739 | D:5      | Entered Level 5 of the Dungeon
  4754 | D:5      | Reached XP level 7. HP: 41/54 MP: 10/10
  4863 | D:5      | Reached skill level 5 in Invocations
  4873 | D:5      | Gained mutation: You passively map a small area around you. [mutagenic meat]
  4874 | D:5      | Gained mutation: Your magical capacity is low (-10% MP). [mutagenic meat]
  4875 | D:5      | Gained mutation: You passively map the area around you. [mutagenic meat]
  4876 | D:5      | Lost mutation: Your magical capacity is low (-10% MP). [mutagenic meat]
  5034 | D:5      | Reached skill level 5 in Armour
  5142 | D:5      | Found a staircase to the Ecumenical Temple.
  5221 | D:5      | Got a transparent amber ring
  5447 | D:5      | Reached skill level 1 in Throwing
  5447 | D:5      | Gained mutation: You are significantly more attuned to the shadows. [demonic ancestry]
  5447 | D:5      | Reached XP level 8. HP: 59/61 MP: 12/12
  5779 | D:6      | Identified the ring of the Orange Skies {*Tele rC- Str+9 Int-4 Stlth+} (You found it on level 5 of the Dungeon)
  6092 | D:6      | Noticed Blork the orc
  6098 | D:6      | Killed Blork the orc
  6184 | D:6      | Found a snail-covered altar of Cheibriados.
  6339 | D:6      | Noticed Duvessa
  6340 | D:6      | Noticed Dowan
  6356 | D:6      | Killed Duvessa
  6368 | D:6      | Killed Dowan
  6598 | D:6      | Reached skill level 5 in Fighting
  6712 | D:6      | Reached **** piety under Lugonu
  6878 | D:6      | Found an opulent altar of Gozag.
  7073 | D:7      | Noticed a troll
  7092 | D:7      | Killed a troll
  7261 | D:7      | Gained mutation: You are completely covered in large bone plates (AC +4, SH +4). [demonic ancestry]
  7261 | D:7      | Reached XP level 9. HP: 64/68 MP: 14/14
  7283 | D:7      | Lost mutation: You passively map the area around you. [potion of cure mutation]
  7283 | D:7      | Lost mutation: You passively map a small area around you. [potion of cure mutation]
  7418 | D:7      | Found a burning altar of Makhleb.
  7418 | D:7      | Found a deep blue altar of Sif Muna.
  7576 | D:7      | HP: 3/68 [acid (7)]
  7577 | D:7      | HP: 1/68 [jelly (2)]
  7577 | D:7      | Splashed by a jelly's acid

Skill      XL: |  1  2  3  4  5  6  7  8  9 |
---------------+----------------------------+-----
Armour         | 2 3 4 5 6 7 |  7.2
Axes           | 2 3 4 |  4.6
Dodging        | 1 2 3 |  3.3
Invocations    | 3 4 5 7 |  7.1
Fighting       | 4 5 |  5.3
Throwing       | 1 |  1.4
Evocations     | |  0.4

Action                   |  1- 3 |  4- 6 |  7- 9 || total
-------------------------+-------+-------+-------++-------
Melee: Hand axe          |   130 |   212 |   266 ||   608
Throw: Tomahawk          |       |     9 |    19 ||    28
Invok: Depart the Abyss  |     1 |       |       ||     1
       Banish            |       |       |     1 ||     1
Evoke: Wand              |       |     4 |       ||     4
  Use: Potion            |       |     3 |     7 ||    10
       Scroll            |       |     3 |     3 ||     6
 Stab: Distracted        |       |       |     1 ||     1
  Eat: Chunk             |     4 |     9 |    14 ||    27
Armor: Chain mail        |    96 |   170 |   221 ||   487
Dodge: Dodged            |    39 |    84 |   116 ||   239
Block: Other             |     2 |    22 |    24 ||    48
